 Dungeon Crawl Stone Soup version 0.24.1-14-gf8d2b509d9 (webtiles) character file.

Game seed: 15618480666181635209, levelgen mode: deterministic

72 rjrrt the Magician (level 4, -4/24 HPs)
             Began as a Deep Elf Fire Elementalist on Aug 31, 2021.
             Slain by a sky beast (5 damage)
             ... on level 2 of the Dungeon.
             The game lasted 00:05:18 (1727 turns).

rjrrt the Magician (Deep Elf Fire Elementalist)     Turns: 1727, Time: 00:05:20

Health: -4/24      AC:  3    Str:  5    XL:     4   Next: 6%
Magic:  4/12       EV: 13    Int: 21    God:
Gold:   173        SH:  2    Dex: 15    Spells: 3/11 levels left

rFire    . . .     SeeInvis .   (no weapon)
rCold    . . .     Gourm    .   (no shield)
rNeg     . . .     Faith    .   a - +0 robe
rPois    .         Spirit   .   (no helmet)
rElec    .         Reflect  +   (no cloak)
rCorr    .         Harm     .   (no gloves)
MR       .....                  n - +0 pair of boots
Stlth    ++........             s - +2 amulet of reflection
HPRegen  0.08/turn              (no ring)
MPRegen  0.13/turn              (no ring)

@: no status effects
A: no striking features
a: no special abilities


You were on level 2 of the Dungeon.
You were hungry.

You visited 1 branch of the dungeon, and saw 2 of its levels.

You collected 173 gold pieces.

Inventory:

Hand Weapons
 j - a +0 dagger
Missiles
 f - 8 silver boomerangs
 o - 16 poisoned darts (quivered)
Armour
 a - a +0 robe (worn)
 n - a +0 pair of boots (worn)
Jewellery
 s - a +2 amulet of reflection (around neck)
Scrolls
 b - 2 scrolls of teleportation {unknown}
 g - 2 scrolls of blinking {unknown}
 h - a scroll of random uselessness {unknown}
 l - 3 scrolls of enchant armour {unknown}
 p - 3 scrolls of remove curse {unknown}
 r - a scroll of identify {unknown}
Potions
 d - a potion of lignification {unknown}
 e - 2 potions of cancellation {unknown}
 i - a potion of brilliance {unknown}
 k - a potion of curing {unknown}
 m - a potion of haste {unknown}
Comestibles
 c - 5 rations


   Skills:
 - Level 2.4 Dodging
 - Level 2.4 Stealth
 + Level 4.0 Spellcasting
 * Level 3.1 Conjurations
 + Level 3.9 Fire Magic


You had 3 spell levels left.
You knew the following spells:

 Your Spells              Type           Power        Failure   Level  Hunger
a - Flame Tongue          Conj/Fire      ###..        2%          1    None
b - Conjure Flame         Conj/Fire      ###.....     9%          3    ###....
c - Sticky Flame          Conj/Fire      ###.....     28%         4    ####...

Your spell library contained the following spells:

 Spells                   Type           Power        Failure   Level  Hunger
 Throw Flame              Conj/Fire      ###...       4%          2    #......
 Inner Flame              Hex/Fire       ##......     16%         3    ###....
 Fireball                 Conj/Fire      ###.......   61%         5    ######.


Dungeon Overview and Level Annotations

Branches:
Dungeon (2/15)

Altars:


Message History

* * * LOW HITPOINT WARNING * * *
The sky beast burns!
The sky beast stops burning.
The sky beast flickers out of sight!
Deactivating autopickup; reactivate with Ctrl-A.
Casting: Sticky Flame (quite dangerous; 28% risk of failure)
Confirm with . or Enter, or press ? or * to list all spells.
Okay, then.
Unknown command.
Unknown command.
Casting: Sticky Flame (quite dangerous; 28% risk of failure)
Confirm with . or Enter, or press ? or * to list all spells.
Aiming: Sticky Flame (quite dangerous; 28% risk of failure)
Press: ? - help, Shift-Dir - straight line The sticky flame hits something.
The sky beast is covered in liquid flames!
You are feeling hungry.
The sky beast burns!
The sky beast hits you.
* * * LOW HITPOINT WARNING * * *
The sky beast shocks you.
You die...

#.####....###....###...#.#
........#).##..###.###รท#.#
#..).##....##............#
#.##..####.###.##.####.###
#.###.# #...#....###..# #.#
#.# #.#.......##.## #.#
#.####..##........###
#.###....##..#.###.##...##
#.)#####.......Y@..####..#
##.# ######.#.....# ####
#.# #.#.....# ##.#####
###.#.....# .......#
#.........#
.......####.......###
................#.#
.<..#######.....#.########
###...# #.....#.........


You could see a sky beast (burning).

Vanquished Creatures
  An adder (D:2)
  2 worms (D:2)
  2 dart slugs (D:2)
  2 leopard geckos (D:1)
  An orc (D:2)
  4 giant cockroaches
  5 goblins
  6 hobgoblins (D:2)
  4 jackals
  5 kobolds
  2 quokkas (D:2)
  4 bats
  4 frilled lizards
  4 rats
46 creatures vanquished.

Notes
Turn   | Place    | Note
-------+----------+-------------------------------------------
     0 | D:1      | rjrrt the Deep Elf Fire Elementalist began the quest for
                  | the Orb.
     0 | D:1      | Reached XP level 1. HP: 10/10 MP: 6/6
   299 | D:1      | Reached XP level 2. HP: 15/15 MP: 6/8
  1040 | D:2      | Reached XP level 3. HP: 19/19 MP: 5/10
  1045 | D:2      | Learned a level 3 spell: Conjure Flame
  1499 | D:2      | Reached XP level 4. HP: 19/24 MP: 7/11
  1509 | D:2      | Learned a level 4 spell: Sticky Flame
  1548 | D:2      | Noticed a sky beast
  1693 | D:2      | Reached skill level 4 in Spellcasting
  1727 | D:2      | HP: 1/24 [sky beast (5)]
  1727 | D:2      | Slain by a sky beast

Levels and vault maps discovered:
D:1:      lemuel_arrival_tunnels, layout_basic, st_stairs_9
D:2:      layout_rooms, minmay_indecisive_spiral

Skill      XL: |  1  2  3  4 |
---------------+-------------+-----
Conjurations   | 2 3 |  3.1
Spellcasting   | 4 |  4.0
Dodging        | |  2.4
Stealth        | |  2.4
Fire Magic     | |  3.9

Action                   |  1- 3 |  4- 6 || total
-------------------------+-------+-------++-------
Throw: Boomerang         |     7 |       ||     7
       Dart              |    31 |       ||    31
 Cast: Flame Tongue      |    80 |     4 ||    84
       Sticky Flame      |       |     2 ||     2
  Eat: Chunk             |     2 |       ||     2
Armor: Robe              |     4 |       ||     4
Dodge: Dodged            |    20 |     1 ||    21
